 Dungeon Sprint DCSS version 0.23.2-1-ga50397a (webtiles) character file.

Game seed: 1265283022171777373

696 doot the Eclecticist (level 7, -1/54 HPs)
             Began as a Deep Elf Wizard on May 5, 2019.
             Was a Believer of Vehumet.
             Slain by a shadow (11 damage)
             ... in the Dungeon (Sprint III: "The Ten Rune Challenge").
             The game lasted 00:06:32 (1192 turns).

doot the Eclecticist (Deep Elf Wizard)              Turns: 1192, Time: 00:06:33

Health: -1/54      AC:  4    Str: 11    XL:     7   Next: 37%
Magic:  3/27       EV: 14    Int: 25    God:    Vehumet [**....]
Gold:   21         SH:  0    Dex: 13    Spells: 20/36 levels left

rFire    . . .     SeeInvis .   q - +1 dagger (drain)
rCold    . . .     Gourm    .   (no shield)
rNeg     . . .     Faith    .   a - +0 robe
rPois    .         Spirit   .   b - +0 hat
rElec    .         Reflect  .   (no cloak)
rCorr    .         Harm     .   (no gloves)
MR       .....     NoTele   +   (no boots)
Stlth    ..........             (no amulet)
HPRegen  0.18/turn              (no ring)
MPRegen  0.20/turn              (no ring)

@: mighty, berserking, very slightly contaminated, very quick
A: iridescent scales 1, strong 1, subdued magic 1
a: Renounce Religion


You were in the Dungeon.
You worshipped Vehumet.
Vehumet was pleased with you.
You were not hungry.

You visited 1 branch You collected 21 gold pieces.

Inventory:

Hand Weapons
 q - a +1 dagger of draining (weapon)
Armour
 a - a +0 robe (worn)
 b - a +0 hat (worn)
Wands
 r - a wand of iceblast (11)
Scrolls
 j - a scroll of blinking
 l - 2 scrolls of immolation {unknown}
 m - 4 scrolls of identify
 n - 3 scrolls of remove curse
Potions
 e - a potion of curing
 f - 2 potions of heal wounds
 g - a potion of haste
 h - 2 potions of magic
 i - a potion of berserk rage
 k - 4 potions of mutation
 o - 4 potions of flight
Comestibles
 d - 3 rations
 p - 7 chunks of flesh


   Skills:
 + Level 4.7 Dodging
 + Level 4.4 Stealth
 + Level 0.7 Unarmed Combat
 + Level 15.2 Spellcasting
 + Level 5.4 Conjurations
 + Level 7.1 Summonings
 + Level 4.7 Translocations
 + Level 1.8 Fire Magic
 + Level 1.5 Air Magic
 + Level 1.4 Poison Magic


You had 20 spell levels left.
You knew the following spells:

 Your Spells              Type           Power        Failure   Level  Hunger
a - Magic Dart            Conj           ####         1%          1    None
b - Blink                 Tloc           N/A          1%          2    None
c - Call Imp              Summ           #####...     1%          2    None
d - Slow                  Hex            ##......     3%          2    None
e - Conjure Flame         Conj/Fire      ####....     1%          3    None
f - Mephitic Cloud        Conj/Pois/Air  ####....     1%          3    None
g - Confuse               Hex            ##......     7%          3    None

Your spell library contained the following spells:

 Spells                   Type           Power        Failure   Level  Hunger
 Shock                    Conj/Air       ####         1%          1    None
 Gell's Gravitas          Tloc           ####......   1%          3    None
 Stone Arrow              Conj/Erth      ####..       1%          3    None
 Confusing Touch          Hex            ##....       2%          1    None
 Sandblast                Erth           ##....       2%          1    None
 Passwall                 Tmut/Erth      ##......     3%          2    None
 Petrify                  Tmut/Erth      ##......     24%         4    None
 Lee's Rapid Deconstruct  Erth           ##........   58%         5    #......
 Metabolic Englaciation   Hex/Ice        ##........   58%         5    #......
 Yara's Violent Unravell  Hex/Tmut       ##........   58%         5    #......


Dungeon Overview and Level Annotations

Branches:
Dungeon (1/1)

Altars:
Dithmenos
Elyvilon
Kikubaaqudgha
Okawaru
Ru
Sif Muna
Trog
Uskayaw
Vehumet
Wu Jian
Yredelemnul
Zin
The Shining One
Beogh


Innate Abilities, Weirdness & Mutations

You are partially covered in iridescent scales. (AC +2)
Your muscles are strong. (Str +2)
Your spells are a little easier to cast, but a little less powerful.


Message History

The shadow strikes at your crimson imp from the darkness!
Reactivating autopickup.
Your crimson imp blinks! x2
There is an open door here.
Things that are here:
a +0 dagger; a +0 robe You close the door, pushing everything out of the way.
Okay, then.
Okay, then.
Unknown command.
You feel very mighty all of a sudden.
Something unseen opens the door.
Okay, then.
Okay, then.
A red film seems to cover your vision as you go berserk!
You feel yourself moving faster!
You feel mighty!
You hit the shadow.
The shadow is moderately damaged.
The shadow hits you!
You die...

.......#..#..#..5#__.#._#
#.##...#..#..###'#'###'##
#.###..##'#..#..)÷....[.#
##.##..###..E+.5W.......#
..##..####...#...######'#
..##†.###....#.⌠.# #.J.#
.##..÷##.....#...# #...#
##....#......#5### #...#
##..##.#.....#[W@# #..%+
#.. ####....#___# +...#
▓▓▓ ▓▓▓▓▓▓▓▓▓▓ ▓▓▓▓▓


You could see a shadow and a friendly crimson imp.

Vanquished Creatures
  A deep elf mage (D)
  A jelly (D)
  Jessica (D)
  A necromancer (D)
  A human (D)
  An ooze (D)
  A rat (D)
7 creatures vanquished.

Vanquished Creatures (collateral kills)
  2 humans (D)
  A necrophage (D)
  A scorpion (D)
  A wizard (D)
  A kobold demonologist (D)
6 creatures vanquished.

Vanquished Creatures (others)
  2 draconian scorchers (D)
  A hydra (D)
  6 hellions (D)
  2 yaktaurs (D)
  4 plants (D)
15 creatures vanquished.

Grand Total: 28 creatures vanquished

Notes
Turn   | Place    | Note
-------+----------+-------------------------------------------
     0 | D        | doot the Deep Elf Wizard began the quest for the Orb.
     0 | D        | Reached XP level 1. HP: 10/10 MP: 7/7
     7 | D        | Reached skill level 5 in Spellcasting
    15 | D        | Reached skill level 6 in Spellcasting
    60 | D        | Killed a yaktaur
    83 | D        | Noticed Jessica
    87 | D        | Killed Jessica
    87 | D        | Reached skill level 8 in Spellcasting
    87 | D        | Reached XP level 2. HP: 15/15 MP: 5/13
    87 | D        | Reached XP level 3. HP: 19/19 MP: 5/14
   102 | D        | Killed a hellion
   105 | D        | Killed a hellion
   105 | D        | Killed a hellion
   105 | D        | Killed a hellion
   105 | D        | Killed a hellion
   106 | D        | Killed a hellion
   153 | D        | Learned a level 2 spell: Blink
   156 | D        | Learned a level 2 spell: Call Imp
   159 | D        | Learned a level 2 spell: Slow
   163 | D        | Learned a level 3 spell: Conjure Flame
   167 | D        | Learned a level 3 spell: Mephitic Cloud
   183 | D        | Killed a white draconian scorcher
   202 | D        | Reached skill level 9 in Spellcasting
   220 | D        | Killed a white draconian scorcher
   254 | D        | Killed an eight-headed hydra
   277 | D        | Noticed a scorpion
   294 | D        | Killed a scorpion
   294 | D        | Reached skill level 10 in Spellcasting
   294 | D        | Reached XP level 4. HP: 23/24 MP: 3/18
   402 | D        | Gained mutation: You are partially covered in iridescent
                  | scales. (AC +2) [potion of mutation]
   402 | D        | Gained mutation: Your spells are a little easier to cast,
                  | but a little less powerful. [potion of mutation]
   402 | D        | Gained mutation: Your muscles are strong. (Str +2) [potion
                  | of mutation]
   405 | D        | Noticed a water elemental
   623 | D        | Found a radiant altar of Vehumet.
   624 | D        | Found a deep blue altar of Sif Muna.
   624 | D        | Noticed a wizard
   638 | D        | Killed a wizard
   641 | D        | Found an ancient bone altar of Kikubaaqudgha.
   649 | D        | Became a worshipper of Vehumet
   673 | D        | Learned a level 3 spell: Confuse
   689 | D        | Killed a yaktaur
   872 | D        | Found a glowing silver altar of Zin.
   873 | D        | Found a glowing golden altar of the Shining One.
   874 | D        | Found a white marble altar of Elyvilon.
   875 | D        | Noticed a deep elf mage
   882 | D        | Killed a deep elf mage
   882 | D        | Reached skill level 13 in Spellcasting
   882 | D        | Reached skill level 5 in Summonings
   882 | D        | Reached skill level 1 in Fire Magic
   882 | D        | Reached skill level 1 in Air Magic
   882 | D        | Reached skill level 1 in Poison Magic
   882 | D        | Reached XP level 5. HP: 28/28 MP: 3/23
   882 | D        | Reached XP level 6. HP: 32/32 MP: 3/24
   992 | D        | Found a hide-covered altar of Uskayaw.
   992 | D        | Found a roughly hewn altar of Beogh.
   992 | D        | Found an iron altar of Okawaru.
   992 | D        | Found a bloodstained altar of Trog.
   992 | D        | Found an ornate altar of the Wu Jian Council.
   992 | D        | Noticed a human
   992 | D        | Noticed a human
   999 | D        | Killed a human
   999 | D        | Reached skill level 14 in Spellcasting
   999 | D        | Reached skill level 5 in Conjurations
   999 | D        | Reached XP level 7. HP: 36/36 MP: 11/26
  1014 | D        | Killed a human
  1014 | D        | Reached * piety under Vehumet
  1014 | D        | Offered knowledge of Shock by Vehumet.
  1091 | D        | Found a shadowy altar of Dithmenos.
  1093 | D        | Found a basalt altar of Yredelemnul.
  1093 | D        | Found a sacrificial altar of Ru.
  1106 | D        | Reached skill level 15 in Spellcasting
  1143 | D        | Noticed a shadow
  1148 | D        | Reached ** piety under Vehumet
  1192 | D        | Slain by a shadow

Skill      XL: |  1  2  3  4  5  6  7 |
---------------+----------------------+-----
Spellcasting   | 8 10 13 14 15 | 15.2
Dodging        | 3 4 |  4.7
Stealth        | 3 4 |  4.4
Conjurations   | 2 4 5 |  5.4
Summonings     | 5 6 7 |  7.1
Translocations | 3 4 |  4.7
Fire Magic     | 1 |  1.8
Air Magic      | 1 |  1.5
Poison Magic   | 1 |  1.4
Unarmed Combat | |  0.7

Action                   |  1- 3 |  4- 6 |  7- 9 || total
-------------------------+-------+-------+-------++-------
Melee: Unarmed           |       |     1 |       ||     1
       Dagger            |       |       |     1 ||     1
 Cast: Magic Dart        |    13 |     4 |     3 ||    20
       Call Imp          |     3 |    12 |     6 ||    21
       Mephitic Cloud    |     2 |     2 |     1 ||     5
       Conjure Flame     |     1 |     2 |     2 ||     5
       Slow              |     1 |       |       ||     1
       Blink             |       |     5 |     2 ||     7
       Confuse           |       |       |     5 ||     5
  Use: Potion            |       |     1 |     2 ||     3
  Eat: Chunk             |       |       |     1 ||     1
Armor: Robe              |       |       |     1 ||     1
Dodge: Dodged            |     4 |     4 |     2 ||    10
